Unix NetHack Version 5.0.0-0 post-release - last build May  4 2026 22:22:43 (774f63e81ad911689b3a0859ea89b322d5daca8d,branch:main).

Game began 2026-05-05 18:35:19, ended 2026-05-05 19:12:07.

Draagus, neutral female human Monk

       -------
       |.....
       |...
       -|- |
        ###
        #@
        )
        #
        #                                               .
       ##                                                ##
        ##                                               ##    ------
  - -----.--    #####  #                                 ##    |..[.|
  |.........############                                 # #  #|....|
  |........|#          #                                 # ####.....|
  |........-#          #                                 # #   |..<.|
  |......>.|           #                                 # ####.....|
  |........|           #                                 ###   ------
  |........|           ####################################
  ----------

Draagus the Initiate            St:16 Dx:13 Co:13 In:11 Wi:16 Ch:9  Neutral
Dlvl:5  $:101 HP:0(53) Pw:49(49) AC:3  Xp:7 T:3002  Blind

Latest messages:
 You already found a monster.  Use 'm' prefix to force another search.
 You already found a monster.  Use 'm' prefix to force another search.
 You already found a monster.  Use 'm' prefix to force another search.
 You already found a monster.  Use 'm' prefix to force another search.
 You already found a monster.  Use 'm' prefix to force another search.
 You already found a monster.  Use 'm' prefix to force another search.
 You already found a monster.  Use 'm' prefix to force another search.
 You already found a monster.  Use 'm' prefix to force another search.
 You already found a monster.  Use 'm' prefix to force another search.
 You already found a monster.  Use 'm' prefix to force another search.
 There are several objects here.
 You climb up the stairs.
 You already found a monster.  Use 'm' prefix to force another search.
 You already found a monster.  Use 'm' prefix to force another search.
 You already found a monster.  Use 'm' prefix to force another search.
 You hit the straw golem!
 The yellow mold yodels!
 The baby yellow dragon bites!
 You kill the hell hound!
 You are getting the munchies.
 Everything looks SO boring now.
 What do you want to eat? [efhOP or ?*] e
 This food really hits the spot!
 You finish eating the food ration.
 You can't go up here.
 You descend the stairs.
 You kill the acid blob!
 You find a hidden door.
 The door opens.
 You see here an axe.
 You see here an axe.
 You hear a nearby zap.
 The bolt of lightning whizzes by you!
 You are blinded by the flash!
 You feel an unseen monster!
 You hear a nearby zap.
 The bolt of lightning hits you!
 You hear a nearby zap.
 The bolt of lightning hits you!
 Your coral ring turns to dust and vanishes!
 Wait!  There's something there you can't see!
 Someone stole a magic marker (0:21).
 You hear a nearby zap.
 The bolt of lightning hits you!
 You die...
 Do you want your possessions identified? [ynq] (y) y
 Do you want to see your attributes? [ynq] (y) y
 Do you want an account of creatures vanquished? [ynaq] (y) y
 Do you want to see your conduct and achievements? [ynq] (y) y
 Do you want to see the dungeon overview? [ynq] (y) y

Inventory:
 Coins    ('$')
  $ - 101 gold pieces
 Armor    ('[')
  V - a cursed -2 helm of opposite alignment
  a - an uncursed +2 pair of leather gloves (being worn)
  b - an uncursed +2 robe (being worn)
 Comestibles  ('%')
  f - 5 uncursed apples
  O - a cursed clove of garlic
  e - 5 uncursed food rations
  h - 4 uncursed fortune cookies
  P - an uncursed tripe ration
 Scrolls  ('?')
  c - an uncursed scroll of confuse monster
 Spellbooks  ('+')
  i - a blessed spellbook of confuse monster
 Potions  ('!')
  p - an uncursed potion of blindness
  d - 4 uncursed potions of healing
  C - an uncursed potion of water
 Rings    ('=')
  E - a cursed ring of polymorph
 Wands    ('/')
  F - a wand of light (0:8)
  u - a wand of lightning (0:7)
 Gems/Stones  ('*')
  Z - an uncursed jacinth stone
  U - an uncursed worthless piece of yellowish brown glass
  q - an uncursed touchstone

Draagus the Monk's attributes:

Background:
 You were an Initiate, a level 7 female human Monk.
 You were neutral, on a mission for Chih Sung-tzu
 who was opposed by Shan Lai Ching (lawful) and Huan Ti (chaotic).
 You were right-handed.
 You were in the Gnomish Mines, on level 5.
 You entered the dungeon 3002 turns ago.
 You had 708 experience points, 572 more were needed to attain level 8.

Basics:
 You had 0 out of 53 hit points.
 You had all 49 energy points (spell power).
 Your armor class was 3.
 Your wallet contained 101 zorkmids.
 Autopickup was off.

Final Characteristics:
 Your strength was 16 (limit:18/100).
 Your dexterity was 13 (limit:18).
 Your constitution was 13 (limit:18).
 Your intelligence was 11 (limit:18).
 Your wisdom was 16 (limit:18).
 Your charisma was 9 (limit:18).

Final Status:
 You were temporarily blind.
 You weren't hungry.
 You were unencumbered.
 You were empty handed.
 You were skilled in martial arts.

Final Attributes:
 You were stridently aligned.
 You were sleep resistant.
 You were poison resistant.
 You would have seen invisible when not blind.
 You were warned.
 You were stealthy.
 You were guarded.
 Your spell casting was enhanced by wearing a robe.
 You were fast.
 You are dead.

Miscellaneous:
 You encountered 1 bones level.
 Total elapsed playing time was 36 minutes and 46 seconds.

Major events:
 Turn
    1: Draagus the neutral female human Monk entered the dungeon
  672: entered the Gnomish Mines
  778: attained the rank of Novice (level 3)
 1841: attained the rank of Initiate (level 6)
 3002: killed by a bolt of lightning zapped by a wood nymph

Spells:
 Name                 Level Category     Fail Retention
 confuse monster        1   enchantment    0%  76%-100%

Skills:
 Fighting Skills
   martial arts       [Skilled]
 Weapon Skills
   quarterstaff       [Unskilled]
   spear              [Unskilled]
   crossbow           [Unskilled]
   shuriken           [Unskilled]
 Spellcasting Skills
   attack spells      [Unskilled]
   healing spells     [Basic]
   divination spells  [Unskilled]
   enchantment spells [Unskilled]
   clerical spells    [Unskilled]
   escape spells      [Unskilled]
   matter spells      [Unskilled]

Voluntary challenges:
 Character rerolling was not enabled.
 You were vegetarian.
 You never hit with a wielded weapon.
 You never genocided any monsters.
 You never polymorphed an object.
 You never changed form.
 You used no wishes.
Achievements:
 You entered the Gnomish Mines.
 You attained the rank of Novice.
 You entered a shop.
 You attained the rank of Initiate.

 The Dungeons of Doom: levels 1 to 5
    Level 1:
       Some fountains.
    Level 2:
       A fountain.
       Stairs down to The Gnomish Mines.
    Level 3:
       A potion shop, an altar, a fountain.
    Level 4:
       A fountain.
    Level 5:
 The Gnomish Mines: levels 3 to 5
    Level 3:
    Level 4:
    Level 5: <- You were here.
       Final resting place for
          you, killed by a bolt of lightning zapped by a wood nymph,
          Leviyatan-Cav-Hum-Fem-Neu, killed by an owlbear.


Vanquished creatures:
  a ghost
  a small mimic
  a leprechaun
 an owlbear
  2 ponies
  3 gnome leaders
  a kobold mummy
  a little dog
  5 dwarves
  a kobold leader
  a kobold shaman
  a hill orc
  a rothe
  a wererat
  2 iguanas
 an acid blob
  3 hobbits
  a large kobold
  a hobgoblin
  a cave spider
 20 gnomes
  a garter snake
  2 jackals
  a fox
  2 goblins
  5 grid bugs
  3 lichens
  3 kobold zombies
  4 newts
71 creatures vanquished.

No species were genocided or became extinct.

Game over:
                       ----------
                      /          \
                     /    REST    \
                    /      IN      \
                   /     PEACE      \
                  /                  \
                  |     Draagus      |
                  |      101 Au      |
                  | killed by a bolt |
                  |   of lightning   |
                  | zapped by a wood |
                  |      nymph       |
                  |       2026       |
                 *|     *  *  *      | *
        _________)/\\_//(\/(/\)/\//\/|_)_______

Goodbye Draagus the Monk...

You died in The Gnomish Mines on dungeon level 5 with 3213 points,
and 101 pieces of gold, after 3002 moves.
You were level 7 with a maximum of 53 hit points when you died.

